TOP OF THE 1ST |
Hollywood Shredders batting - Pitching for Charleston Battery : RHP Scott Morrison
|
Pitching: RHP Scott Morrison
|
|
Batting: SHB Alexei Ponikarov
|
0-0: DOUBLE (Flyball, 8RXD, EV 90.0 MPH)
|
Batting: LHB Kanko Umaba
|
0-0: Called Strike 0-1: Called Strike 0-2: Foul Ball, location: 2F 0-2: Fly out, F7 (Flyball, 78S, EV 73.8 MPH)
|
Batting: RHB Richard Trevithick
|
0-0: Ball 1-0: Swinging Strike 1-1: Called Strike 1-2: Foul Ball, location: 2F 1-2: Ball 2-2: Strikes out swinging
|
Batting: LHB Dewitt Hopper
|
0-0: Ball 1-0: Called Strike 1-1: 2-RUN HOME RUN (Flyball, 89XD, EV 106.9 MPH), Distance : 399 ft
|
Batting: RHB Ramón Rodríguez
|
0-0: Ball 1-0: Ball 2-0: Called Strike 2-1: Swinging Strike 2-2: Ball 3-2: Strikes out swinging
|
Top of the 1st over - 2 runs, 2 hits, 0 errors, 0 left on base; Hollywood 2 - Charleston 0 |
BOTTOM OF THE 1ST |
Charleston Battery batting - Pitching for Hollywood Shredders : RHP Joy-shan Men
|
Pitching: RHP Joy-shan Men
|
|
Batting: RHB Mario Álvarez
|
0-0: Ball 1-0: Foul Ball, location: 2F 1-1: Fly out, F8 (Flyball, 8LM, EV 91.2 MPH)
|
Batting: LHB Joey Coco
|
0-0: Fly out, F5 (Line Drive, 56, EV 95.0 MPH)
|
Batting: RHB Doug Allerdale
|
0-0: SINGLE (Groundball, 6D, EV 101.2 MPH)
|
Batting: LHB Benno Luby
|
0-0: Called Strike 0-1: Foul Ball, location: 2F 0-2: Ball 1-2: Foul Ball, location: 2F 1-2: Ball 2-2: Ball 3-2: Ground out 6-3 (Groundball, 4M, EV 86.9 MPH)
|
Bottom of the 1st over - 0 runs, 1 hit, 0 errors, 1 left on base; Hollywood 2 - Charleston 0 |
TOP OF THE 2ND |
Hollywood Shredders batting - Pitching for Charleston Battery : RHP Scott Morrison
|
Batting: RHB Rod Shortall
|
0-0: Ball 1-0: Fly out, F2 (Popup, 2L, EV 94.4 MPH)
|
Batting: RHB Takeshi Kovacs
|
0-0: Fly out, F3 (Popup, 34, EV 68.1 MPH)
|
Batting: RHB Nigel Sturges
|
0-0: Foul Ball, location: 2F 0-1: Foul Ball, location: 2F 0-2: Strikes out swinging
|
Top of the 2nd over - 0 runs, 0 hits, 0 errors, 0 left on base; Hollywood 2 - Charleston 0 |
BOTTOM OF THE 2ND |
Charleston Battery batting - Pitching for Hollywood Shredders : RHP Joy-shan Men
|
Batting: LHB Datu Lesaca
|
0-0: Ball 1-0: SINGLE (Groundball, 56D, EV 110.0 MPH)
|
Batting: RHB Vesa Karpinen
|
0-0: Foul Ball, location: 2F 0-1: Ball 1-1: Foul Ball, location: 2F 1-2: Strikes out swinging
|
Batting: LHB Alfonso López
|
0-0: Ball 1-0: Ball 2-0: Called Strike 2-1: Foul Ball, location: 2F 2-2: Grounds into double play, 6-4-3 (Groundball, 6, EV 110.0 MPH)
|
Bottom of the 2nd over - 0 runs, 1 hit, 0 errors, 0 left on base; Hollywood 2 - Charleston 0 |
TOP OF THE 3RD |
Hollywood Shredders batting - Pitching for Charleston Battery : RHP Scott Morrison
|
Batting: RHB Joshua Cadaval
|
0-0: Called Strike 0-1: Swinging Strike 0-2: Strikes out looking
|
Batting: SHB Alexei Ponikarov
|
0-0: Ball 1-0: Called Strike 1-1: Ball 2-1: Foul Ball, location: 2F 2-2: Foul Ball, location: 2F 2-2: Ball 3-2: Ground out 6-3 (Groundball, 6, EV 81.2 MPH)
|
Batting: LHB Kanko Umaba
|
0-0: Called Strike 0-1: Ball 1-1: Called Strike 1-2: Foul Ball, location: 2F 1-2: Strikes out swinging
|
Top of the 3rd over - 0 runs, 0 hits, 0 errors, 0 left on base; Hollywood 2 - Charleston 0 |
BOTTOM OF THE 3RD |
Charleston Battery batting - Pitching for Hollywood Shredders : RHP Joy-shan Men
|
Batting: RHB Torajiro Ogawa
|
0-0: SINGLE (Groundball, 6MD, EV 96.9 MPH)
|
Batting: LHB Rafael Urrutiz
|
0-0: Called Strike 0-1: SINGLE (Groundball, 34D, EV 110.0 MPH) Torajiro Ogawa to second Runner from 2nd tries for 3rd, SAFE, throw by RF made to third
|
Batting: RHB Mario Álvarez
|
0-0: Swinging Strike 0-1: Ball 1-1: Called Strike 1-2: DOUBLE (Flyball, 7LD, EV 96.2 MPH) Torajiro Ogawa scores Rafael Urrutiz to third
|
Pinch Runner at 2nd Chris Gordon:
|
|
Batting: LHB Joey Coco
|
0-0: Called Strike 0-1: Called Strike 0-2: Foul Ball, location: 2F 0-2: Hit by Pitch
|
Batting: RHB Doug Allerdale
|
0-0: Ball 1-0: Fly out, F7 (Flyball, 78M, EV 91.2 MPH) Runner from 3rd tags up, SCORES, throw by LF Chris Gordon to third
|
Batting: LHB Benno Luby
|
0-0: Called Strike 0-1: Ball 1-1: Called Strike 1-2: Strikes out swinging
|
Batting: LHB Datu Lesaca
|
0-0: Ball 1-0: Ground out 4-3 (Groundball, 3, EV 85.6 MPH)
|
Bottom of the 3rd over - 2 runs, 3 hits, 0 errors, 2 left on base; Hollywood 2 - Charleston 2 |
TOP OF THE 4TH |
Hollywood Shredders batting - Pitching for Charleston Battery : RHP Scott Morrison
|
Now at SS: Chris Gordon
|
|
Batting: RHB Richard Trevithick
|
0-0: Ball 1-0: Ball 2-0: Ball 3-0: Swinging Strike 3-1: Foul Ball, location: 2F 3-2: DOUBLE (Flyball, 8LXD, EV 98.8 MPH)
|
Batting: LHB Dewitt Hopper
|
0-0: Foul Ball, location: 2F 0-1: Ball 1-1: Foul Ball, location: 2F 1-2: Ball 2-2: Strikes out swinging
|
Batting: RHB Ramón Rodríguez
|
0-0: SINGLE (Groundball, 6MD, EV 95.0 MPH) Richard Trevithick to third Runner from 3rd tries for Home, SAFE, no throw by CF
|
Batting: RHB Rod Shortall
|
0-0: Ball 1-0: Ball 2-0: Fielders Choice at 2nd, 1-4 (Groundball, P, EV 81.9 MPH)
|
Batting: RHB Takeshi Kovacs
|
0-0: Ball Rod Shortall is caught stealing 2nd base 2-4
|
Top of the 4th over - 1 run, 2 hits, 0 errors, 0 left on base; Hollywood 3 - Charleston 2 |
BOTTOM OF THE 4TH |
Charleston Battery batting - Pitching for Hollywood Shredders : RHP Joy-shan Men
|
Batting: RHB Vesa Karpinen
|
0-0: Foul Ball, location: 2F 0-1: Foul Ball, location: 2F 0-2: Strikes out swinging
|
Batting: LHB Alfonso López
|
0-0: Ball 1-0: Ball 2-0: Called Strike 2-1: Foul Ball, location: 2F 2-2: Foul Ball, location: 2F 2-2: Ground out 4-3 (Groundball, 4, EV 110.0 MPH)
|
Batting: RHB Torajiro Ogawa
|
0-0: Ground out 1-3 (Groundball, 34S, EV 92.5 MPH)
|
Bottom of the 4th over - 0 runs, 0 hits, 0 errors, 0 left on base; Hollywood 3 - Charleston 2 |
TOP OF THE 5TH |
Hollywood Shredders batting - Pitching for Charleston Battery : RHP Scott Morrison
|
Batting: RHB Takeshi Kovacs
|
0-0: Ball 1-0: Ball 2-0: Ball 3-0: Fly out, F9 (Flyball, 89M, EV 89.4 MPH)
|
Batting: RHB Nigel Sturges
|
0-0: Called Strike 0-1: Ball 1-1: Swinging Strike 1-2: Strikes out looking
|
Batting: RHB Joshua Cadaval
|
0-0: Ground out 2-3 (Groundball, 13S, EV 69.4 MPH)
|
Top of the 5th over - 0 runs, 0 hits, 0 errors, 0 left on base; Hollywood 3 - Charleston 2 |
BOTTOM OF THE 5TH |
Charleston Battery batting - Pitching for Hollywood Shredders : RHP Joy-shan Men
|
Batting: LHB Rafael Urrutiz
|
0-0: Ball 1-0: SINGLE (Line Drive, 56D, EV 105.6 MPH)
|
Batting: RHB Chris Gordon
|
0-0: Ball 1-0: Ball 2-0: Fly out, F9 (Flyball, 89M, EV 95.0 MPH)
|
Batting: LHB Joey Coco
|
0-0: Swinging Strike 0-1: Ball 1-1: Ball 2-1: Ball 3-1: SINGLE (Flyball, 8LS, EV 93.8 MPH) Rafael Urrutiz to second
|
Batting: RHB Doug Allerdale
|
0-0: Swinging Strike 0-1: Foul Ball, location: 2F 0-2: Foul Ball, location: 2F 0-2: Foul Ball, location: 2F 0-2: Ball 1-2: Foul Ball, location: 2F 1-2: Strikes out swinging
|
Batting: LHB Benno Luby
|
0-0: Called Strike 0-1: Fly out, F7 (Flyball, 7LSF, EV 90.6 MPH)
|
Bottom of the 5th over - 0 runs, 2 hits, 0 errors, 2 left on base; Hollywood 3 - Charleston 2 |
TOP OF THE 6TH |
Hollywood Shredders batting - Pitching for Charleston Battery : RHP Scott Morrison
|
Batting: SHB Alexei Ponikarov
|
0-0: Foul Ball, location: 2F 0-1: Called Strike 0-2: Fly out, F8 (Flyball, 89D, EV 86.9 MPH)
|
Batting: LHB Kanko Umaba
|
0-0: Ball 1-0: Called Strike 1-1: Ball 2-1: Swinging Strike 2-2: Foul Ball, location: 2F 2-2: Foul Ball, location: 2F 2-2: Ground out 4-3 (Groundball, 4, EV 83.1 MPH)
|
Batting: RHB Richard Trevithick
|
0-0: Fly out, F7 (Line Drive, 7, EV 109.4 MPH)
|
Top of the 6th over - 0 runs, 0 hits, 0 errors, 0 left on base; Hollywood 3 - Charleston 2 |
BOTTOM OF THE 6TH |
Charleston Battery batting - Pitching for Hollywood Shredders : RHP Joy-shan Men
|
Batting: LHB Datu Lesaca
|
0-0: Ball 1-0: Called Strike 1-1: Foul Ball, location: 2F 1-2: SINGLE (Groundball, 4D, EV 94.4 MPH)
|
Batting: RHB Vesa Karpinen
|
0-0: Ball 1-0: Bunted foul 1-1: Sac Bunt to 2R - play at first, batter OUT! 2-4 Datu Lesaca to second
|
Batting: LHB Alfonso López
|
0-0: Ball 1-0: Foul Ball, location: 2F 1-1: Called Strike 1-2: Ball 2-2: Ball 3-2: Strikes out swinging
|
Batting: RHB Torajiro Ogawa
|
0-0: Ball 1-0: Fly out, F6 (Line Drive, 6, EV 63.8 MPH)
|
Bottom of the 6th over - 0 runs, 1 hit, 0 errors, 1 left on base; Hollywood 3 - Charleston 2 |
TOP OF THE 7TH |
Hollywood Shredders batting - Pitching for Charleston Battery : RHP Scott Morrison
|
Batting: LHB Dewitt Hopper
|
0-0: Called Strike 0-1: Foul Ball, location: 2F 0-2: Strikes out swinging
|
Batting: RHB Ramón Rodríguez
|
0-0: Ball 1-0: Fly out, F9 (Flyball, 9S, EV 76.9 MPH)
|
Batting: RHB Rod Shortall
|
0-0: Foul Ball, location: 2F 0-1: Ground out 6-3 (Groundball, 6, EV 98.1 MPH)
|
Top of the 7th over - 0 runs, 0 hits, 0 errors, 0 left on base; Hollywood 3 - Charleston 2 |
BOTTOM OF THE 7TH |
Charleston Battery batting - Pitching for Hollywood Shredders : RHP Joy-shan Men
|
Batting: LHB Rafael Urrutiz
|
0-0: Called Strike 0-1: Ball 1-1: Ball 2-1: Swinging Strike 2-2: Foul Ball, location: 2F 2-2: Strikes out swinging
|
Pitching: RHP José Villarreal
|
|
Batting: RHB Chris Gordon
|
0-0: Ball 1-0: DOUBLE (Line Drive, 9LM, EV 86.2 MPH)
|
Batting: LHB Joey Coco
|
0-0: Ground out 4-3 (Groundball, 34, EV 88.8 MPH) Chris Gordon to third
|
Batting: RHB Doug Allerdale
|
0-0: Ball 1-0: DOUBLE (Flyball, 89XD, EV 90.0 MPH) Chris Gordon scores
|
Batting: LHB Benno Luby
|
0-0: Ball 1-0: Ball 2-0: Called Strike 2-1: Ball 3-1: Base on Balls
|
Batting: LHB Datu Lesaca
|
0-0: Ball 1-0: Called Strike 1-1: Ball 2-1: Fly out, F7 (Flyball, 7LM, EV 80.0 MPH)
|
Bottom of the 7th over - 1 run, 2 hits, 0 errors, 2 left on base; Hollywood 3 - Charleston 3 |
TOP OF THE 8TH |
Hollywood Shredders batting - Pitching for Charleston Battery : RHP Scott Morrison
|
Batting: RHB Takeshi Kovacs
|
0-0: Called Strike 0-1: Swinging Strike 0-2: Strikes out swinging
|
Batting: RHB Nigel Sturges
|
0-0: Ball 1-0: Fly out, F9 (Flyball, 9S, EV 86.2 MPH)
|
Batting: RHB Joshua Cadaval
|
0-0: Called Strike 0-1: Swinging Strike 0-2: Ball 1-2: Strikes out swinging
|
Top of the 8th over - 0 runs, 0 hits, 0 errors, 0 left on base; Hollywood 3 - Charleston 3 |
BOTTOM OF THE 8TH |
Charleston Battery batting - Pitching for Hollywood Shredders : RHP José Villarreal
|
Batting: RHB Vesa Karpinen
|
0-0: Foul Ball, location: 2F 0-1: Foul Ball, location: 2F 0-2: Ball 1-2: Ground out 5-3 (Groundball, 5L, EV 92.5 MPH)
|
Pitching: LHP Binjimen Victor
|
|
Batting: LHB Alfonso López
|
0-0: Swinging Strike 0-1: Ball 1-1: Called Strike 1-2: Ball 2-2: Strikes out swinging
|
Pitching: RHP Brantford Winstworth III
|
|
Batting: RHB Torajiro Ogawa
|
0-0: Ground out 6-3 (Groundball, 56, EV 103.1 MPH)
|
Bottom of the 8th over - 0 runs, 0 hits, 0 errors, 0 left on base; Hollywood 3 - Charleston 3 |
TOP OF THE 9TH |
Hollywood Shredders batting - Pitching for Charleston Battery : RHP Scott Morrison
|
Batting: SHB Alexei Ponikarov
|
0-0: Reached on error, E3 (Groundball, 34, EV 84.4 MPH)
|
Pitching: RHP Branlyn Jaraba
|
|
Batting: LHB Kanko Umaba
|
0-0: Ball 1-0: Ball 2-0: 2-RUN HOME RUN (Flyball, 78XD, EV 112.5 MPH), Distance : 416 ft
|
Batting: RHB Richard Trevithick
|
0-0: Foul Ball, location: 2F 0-1: Ball 1-1: Called Strike 1-2: Foul Ball, location: 2F 1-2: Ball 2-2: Ball 3-2: Strikes out looking
|
Batting: LHB Dewitt Hopper
|
0-0: Called Strike 0-1: Ball 1-1: Ball 2-1: Ball 3-1: Base on Balls
|
Batting: RHB Ramón Rodríguez
|
0-0: Ball 1-0: Swinging Strike 1-1: Foul Ball, location: 2F 1-2: Grounds into double play, 5-4-3 (Groundball, 5, EV 105.6 MPH)
|
Top of the 9th over - 2 runs, 1 hit, 1 error, 0 left on base; Hollywood 5 - Charleston 3 |
BOTTOM OF THE 9TH |
Charleston Battery batting - Pitching for Hollywood Shredders : RHP Brantford Winstworth III
|
Pitching: LHP Cullen Taylor
|
|
Batting: LHB Rafael Urrutiz
|
0-0: Called Strike 0-1: Ball 1-1: Ground out 1-3 (Groundball, 13, EV 74.4 MPH)
|
Batting: RHB Chris Gordon
|
0-0: Ball 1-0: Foul Ball, location: 2F 1-1: Ball 2-1: Ball 3-1: Foul Ball, location: 2F 3-2: SINGLE (Groundball, 3D, EV 103.8 MPH)
|
Batting: LHB Joey Coco
|
0-0: Ball 1-0: Ball 2-0: Ball 3-0: Base on Balls Chris Gordon to second
|
Batting: RHB Doug Allerdale
|
0-0: SINGLE (Flyball, 89M, EV 93.1 MPH) Chris Gordon to third Joey Coco to second
|
Batting: LHB Benno Luby
|
0-0: Ball Passed Ball! Chris Gordon scores Joey Coco to third Doug Allerdale to second 1-0: Intentional Walk
|
Pitching: RHP Eric Mason
|
|
Batting: LHB Datu Lesaca
|
0-0: Ball 1-0: Called Strike 1-1: Swinging Strike 1-2: Ball 2-2: SINGLE (Groundball, 3, EV 85.0 MPH) (infield hit) Joey Coco scores Doug Allerdale to third Benno Luby to second
|
Batting: RHB Vesa Karpinen
|
0-0: Ball 1-0: SINGLE (Groundball, 34D, EV 95.0 MPH) Doug Allerdale scores
|
 |
Tuesday, January 5th, 2021 - OOTP Baseball 20.8 Build 74
|
|